 Dungeon Sprint DCSS version 0.26-a0-639-g72c4674329 (webtiles) character file.

Game seed: 11637870004718452928

36 Apogee the Magician (level 3, -7/19 HPs)
             Began as a Deep Elf Fire Elementalist on Sept 26, 2020.
             Was an Initiate of Vehumet.
             Mangled by Sigmund
             ... wielding a +0 scythe
              (11 damage)
             ... in the Dungeon (Sprint V: "Ziggurat Sprint").
             The game lasted 00:02:06 (146 turns).

Apogee the Magician (Deep Elf Fire Elementalist)     Turns: 146, Time: 00:02:06

Health: -7/19      AC:  2    Str:  5    XL:     3   Next: 19%
Magic:  6/13       EV: 13    Int: 32    God:    Vehumet [......]
Gold:   0          SH:  0    Dex: 15    Spells: 15/16 levels left

rFire    . . .     SeeInvis .   M - +5 quick blade
rCold    . . .     Faith    .   (no shield)
rNeg     . . .     Spirit   .   a - +0 robe
rPois    .         Reflect  .   (no helmet)
rElec    .         Harm     .   (no cloak)
rCorr    .         Rampage  .   (no gloves)
MR       .....     NoTele   +   (no boots)
Stlth    ++........             (no amulet)
HPRegen  0.06/turn              N - +6 ring of intelligence
MPRegen  0.13/turn              O - +6 ring of intelligence

@: no status effects
A: no striking features
a: Renounce Religion


You were in the Dungeon.
You worshipped Vehumet.
Vehumet was noncommittal.
You visited 1 branch

Inventory:

Hand Weapons
 M - a +5 quick blade (weapon)
   (You found it in the Dungeon)
Armour
 a - a +0 robe (worn)
Jewellery
 s - an uncursed ring of flight
   (You found it in the Dungeon)
 N - a +6 ring of intelligence (left hand)
   (You found it in the Dungeon)
 O - a +6 ring of intelligence (right hand)
   (You found it in the Dungeon)
 P - a +6 ring of strength
   (You found it in the Dungeon)
 Q - a +6 ring of strength
   (You found it in the Dungeon)
Wands
 c - a wand of disintegration (7)
   (You found it in the Dungeon)
 d - a wand of iceblast (7)
   (You found it in the Dungeon)
 x - a wand of acid (7)
   (You found it in the Dungeon)
Scrolls
 h - 4 scrolls of blinking
 n - 4 scrolls of amnesia
 o - 7 scrolls of fog
 p - 5 scrolls of identify {@r1}
 q - 5 scrolls of remove curse {@r2}
 r - 2 scrolls of fear
 R - a scroll of holy word
Potions
 b - 2 potions of brilliance
 e - 6 potions of haste {@q3}
 f - 7 potions of magic
 g - 3 potions of berserk rage
 i - 2 potions of invisibility
 j - 4 potions of resistance
 l - 5 potions of stabbing
 m - 5 potions of might
 t - 10 potions of curing {@q1}
 u - 10 potions of heal wounds {@q2}


   Skills:
 - Level 2.4 Dodging
 - Level 2.4 Stealth
 + Level 7.0 Spellcasting
 + Level 5.3 Conjurations
 + Level 6.3 Fire Magic


You had 15 spell levels left.
You knew the following spells:

 Your Spells              Type           Power        Failure   Level
a - Foxfire               Conj/Fire      ####         1%          1

Your spell library contained the following spells:

 Spells                   Type           Power        Failure   Level
 Conjure Flame            Conj/Fire      #####...     1%          3
 Inner Flame              Hex/Fire       ####....     3%          3
 Sticky Flame             Conj/Fire      #####...     3%          4
 Fireball                 Conj/Fire      #####.....   11%         5


Dungeon Overview and Level Annotations

Branches:
Dungeon (1/1)

Altars:
Ashenzari
Cheibriados
Dithmenos
Elyvilon
Fedhas
Gozag
Hepliaklqana
Kikubaaqudgha
Makhleb
Nemelex Xobeh
Okawaru
Qazlal
Ru
Sif Muna
Trog
Uskayaw
Vehumet
Wu Jian
Xom
Yredelemnul
Zin
The Shining One
Beogh
Jiyva
Lugonu

Annotations:
D 1 transporter, Sigmund


Message History

You drop the +0 sword of Power.
You hear a mighty clap of thunder!
You drop the +7 mace of Variability {chain chaos}.
You drop the +7 Singing Sword {vorpal, sonic wave}.
You drop the +8 storm bow {elec, penet}.
You feel more experienced!
Your Spellcasting skill gained 3 levels and is now at level 6!
Your Conjurations skill gained 3 levels and is now at level 4!
Your Fire Magic skill gained 2 levels and is now at level 5!
You have reached level 2!
Okay, then.
There is a transporter here.
You start resting.
Welcome to arena 1.
You enter the transporter and appear at another place.
Sigmund and Crazy Yiuf come into view.
Crazy Yiuf is wielding a +2 quarterstaff of chaos.
Crazy Yiuf shouts!
Crazy Yiuf whimpers, "East shoe King!"
Found a phial of floods and a manual of Bows.
You conjure some foxfire!
Sigmund shouts!
The foxfire hits Crazy Yiuf!
You conjure some foxfire!
The foxfire hits Sigmund.
Sigmund closely misses you.
You conjure some foxfire!
The foxfire hits Sigmund.
The foxfire hits Crazy Yiuf but does no damage.
Crazy Yiuf hits you but does no damage. Sigmund barely misses you.
You conjure some foxfire!
The foxfire hits Sigmund but does no damage.
The foxfire hits Crazy Yiuf.
Crazy Yiuf hits you with a +2 quarterstaff of chaos!
Ouch! That really hurt!
* * * LOW HITPOINT WARNING * * *
You conjure some foxfire!
The foxfire hits Sigmund!
The foxfire hits Crazy Yiuf.
You kill Crazy Yiuf!
Vehumet accepts your kill.
Your Spellcasting skill increases to level 7!
Your Conjurations skill increases to level 5!
Your Fire Magic skill increases to level 6!
You have reached level 3!
Your experience leads to an increase in your attributes!
Your base attributes are Str 5, Int 19, Dex 15.
Increase (S)trength, (I)ntelligence, or (D)exterity?
You feel clever.
Sigmund breathes a few words.
Sigmund's hands start flickering wildly.
Sigmund hits you from afar with a +0 scythe!
Ouch! That really hurt!
You die...

▓▓▓▓▓▓▓
▓.8©8.▓
▓.....▓
▓.:.}.▓
▓..@..▓
▓..)v.▓
▓..@v.▓
▓▓▓▓▓▓▓


You could see Sigmund.

Vanquished Creatures
  Crazy Yiuf (D)
1 creature vanquished.

Vanquished Creatures (others)
  7 foxfires (D)
7 creatures vanquished.

Grand Total: 8 creatures vanquished

Notes
Turn   | Place    | Note
-------+----------+-------------------------------------------
     0 | D        | Apogee the Deep Elf Fire Elementalist began the quest for
                  | the Orb.
     0 | D        | Reached XP level 1. HP: 10/10 MP: 6/6
     0 | D        | Found a shimmering blue altar of Sif Muna.
     0 | D        | Found a sacrificial altar of Ru.
     0 | D        | Found a bloodstained altar of Trog.
     0 | D        | Found a stormy altar of Qazlal.
     0 | D        | Found an iron altar of Okawaru.
     0 | D        | Found a sparkling altar of Nemelex Xobeh.
     0 | D        | Found a blossoming altar of Fedhas.
     1 | D        | Found the +6 Majin-Bo {vamp, MP+6 Int+6}
     1 | D        | Found the +9 heavy crossbow "Sniper" {vorpal, Acc+∞ SInv}
     1 | D        | Found the +10 dark maul {vorpal}
     1 | D        | Found the +15 Maxwell's patent armour {-Cast -Tele rElec
                  | MR+ rCorr}
     1 | D        | Found the +18 shield of the Gong {rElec rN+ MR+ EV-5}
     1 | D        | Found the cursed +14 obsidian axe {vorpal, +Fly SInv
                  | *Curse}
     1 | D        | Found the +7 great mace "Firestarter" {inner flame, rF++}
     1 | D        | Found the +6 shillelagh "Devastator" {shatter}
     1 | D        | Found the +11 plutonium sword {*Contam Stlth-}
     1 | D        | Found the +8 lance "Wyrmbane" {slay drac, rPois rF+ rC+
                  | AC+3}
     1 | D        | Found the +9 sword of Zonguldrok {reap}
     1 | D        | Found the cursed +13 scythe of Curses {drain, *Curse}
     1 | D        | Found the +0 sword of Power
     1 | D        | Found the +7 mace of Variability {chain chaos}
     1 | D        | Found the +7 Singing Sword {vorpal, sonic wave}
     1 | D        | Found the +8 storm bow {elec, penet}
     2 | D        | Found a transporter.
     2 | D        | Found an ancient bone altar of Kikubaaqudgha.
     2 | D        | Found a viscous altar of Jiyva.
     2 | D        | Found a corrupted altar of Lugonu.
     2 | D        | Found a hazy altar of Hepliaklqana.
     2 | D        | Found a burning altar of Makhleb.
     2 | D        | Found an opulent altar of Gozag.
    84 | D        | Became a worshipper of Vehumet
   107 | D        | Reached skill level 6 in Spellcasting
   107 | D        | Reached skill level 5 in Fire Magic
   107 | D        | Reached XP level 2. HP: 15/15 MP: 7/11
   141 | D        | Entered arena 2.
   141 | D        | Noticed Sigmund
   141 | D        | Noticed Crazy Yiuf
   141 | D        | Found a transporter.
   146 | D        | Killed Crazy Yiuf
   146 | D        | Reached skill level 7 in Spellcasting
   146 | D        | Reached skill level 5 in Conjurations
   146 | D        | Reached XP level 3. HP: 4/19 MP: 6/13
   146 | D        | Mangled by Sigmund

Illustrated notes

Levels and vault maps discovered:
D:        sprint_v [room_start, room_1, room_2, room_3, room_4, room_5, room_6,
          room_7, room_8, room_9, room_10, room_11, room_12, room_13, room_14,
          room_15, room_16, room_17, room_18, room_19, room_20, room_21,
          room_22, room_23, room_24, room_25, room_26, room_27]

Skill      XL: |  1  2 |
---------------+-------+-----
Spellcasting   | 6 7 |  7.0
Conjurations   | 4 5 |  5.3
Fire Magic     | 5 6 |  6.3
Dodging        | |  2.4
Stealth        | |  2.4

Action                   || total
-------------------------++-------
 Cast: Foxfire           ||     5
  Use: Potion            ||     1
Armor: Robe              ||     1
Dodge: Dodged            ||     2

Table legend: (Time is in decaauts)
 A = Elapsed time spent in this place.
 B = Non-inter-level travel time spent in this place.
 C = Inter-level travel time spent in this place.
 D = Time resting spent in this place.
 E = Time spent auto-exploring this place.
 F = Levels seen in this place.
 G = Mean time per level.
                   A        B        C        D        E       F      G
               +--------+--------+--------+--------+--------+-----+--------+
         Total |    144 |    137 |      7 |     26 |     21 |   1 |  144.0 |
       Dungeon |    144 |    137 |      7 |     26 |     21 |   1 |  144.0 |
               +--------+--------+--------+--------+--------+-----+--------+

Top non-repeatable levels by time:
       D: 144 daAuts
